 Dungeon Crawl Stone Soup version 0.29-a0-841-g116ddc6ace (webtiles) character file.

Game seed: 4505512965071599301

1648 lesbiats the Destroyer (level 8, -10/68 HPs)
             Began as a Grey Draconian Conjurer on July 15, 2022.
             Killed from afar by an electric eel (11 damage)
             ... with a bolt of electricity
             ... on level 5 of the Dungeon.
             The game lasted 00:34:50 (7769 turns).

lesbiats the Destroyer (Grey Draconian Conjurer)    Turns: 7769, Time: 00:34:51

Health: -10/68     AC: 11    Str: 10    XL:     8   Next: 67%
Magic:  9/15       EV: 12    Int: 21    God:
Gold:   459        SH:  0    Dex:  9    Spells: 0/16 levels left

rFire   . . .      SeeInvis .   z - +3 great sword
rCold   . . .      Faith    .   (shield currently unavailable)
rNeg    . . .      Spirit   .   (body armour unavailable)
rPois   .          Reflect  .   (helmet restricted)
rElec   .          Harm     .   (no cloak)
rCorr   .          Rampage  .   (no gloves)
Will    .....                   (no boots)
Stlth   ++........              (no amulet)
HPRegen 0.21/turn               (no ring)
MPRegen 0.14/turn               (no ring)

@: no status effects
A: AC +11, amphibious, unfitting armour, cold-blooded, mutation resistance 1
a: no special abilities


You were on level 5 of the Dungeon.
You visited 1 branch of the dungeon, and saw 5 of its levels.

You collected 459 gold pieces.

Inventory:

Hand Weapons
 p - a +4 dagger
 z - a +3 great sword (weapon)
Missiles
 q - 4 boomerangs
Wands
 f - a wand of flame (10)
 v - a wand of polymorph (13)
 w - a wand of mindburst (9)
 y - a wand of acid (9)
Scrolls
 e - a scroll of vulnerability {unknown}
 g - a scroll of fog {unknown}
 i - a scroll of magic mapping {unknown}
 j - 2 scrolls of poison
 l - a scroll of noise {unknown}
 n - a scroll of fear {unknown}
 o - a scroll of immolation {unknown}
 s - a scroll of torment {unknown}
 u - a scroll of enchant weapon {unknown}
 x - 2 scrolls of teleportation {unknown}
Potions
 a - a potion of haste {unknown}
 c - a potion of degeneration {unknown}
 d - a potion of ambrosia {unknown}
 h - a potion of lignification {unknown}
 k - 2 potions of curing
 m - 3 potions of flight
 r - a potion of attraction {unknown}
 t - a potion of invisibility {unknown}


   Skills:
 + Level 5.1 Fighting
 * Level 2.3 Dodging
 - Level 2.0 Stealth
 + Level 4.9 Spellcasting
 + Level 8.0 Conjurations
 + Level 4.3 Translocations


You couldn't memorise any spells.
You knew the following spells:

 Your Spells              Type           Power      Damage    Failure   Level
a - Magic Dart            Conj           100%       1d8       1%          1
b - Blink                 Tloc           46%        N/A       2%          2
c - Searing Ray           Conj           76%        2d7       1%          2
d - Fulminant Prism       Conj/Hex       11%        3d9       21%         4
e - Iskenderun's Mystic   Conj/Tloc      31%        2d8       9%          4
f - Dazzling Flash        Conj/Hex       44%        N/A       6%          3

Your spell library contained the following spells:

 Spells                   Type           Power      Damage    Failure   Level
 Manifold Assault         Tloc           23%        N/A       45%         5
 Storm Form               Tmut/Air       2%         N/A       100%        7


Dungeon Overview and Level Annotations

Branches:
Dungeon (5/15)
 Temple: D:4-7

Altars:
Ru
Vehumet
Zin

Annotations:
D:5 1 runed translucent door, 1 transporter, Shayle's ghost, novice NaBr


Innate Abilities, Weirdness & Mutations

Your dull iron-grey scales are very hard. (AC +11)
You are amphibious.
You cannot fit into any form of body armour.
You are cold-blooded and may be slowed by cold attacks.
You are somewhat resistant to further mutation.


Message History

The plant begins to die.
The bolt of electricity hits the plant!
The bolt of electricity hits you.
* * * LOW HITPOINT WARNING * * *
You feel much better.
You feel stable enough to blink again.
The electric eel shoots out a bolt of lightning at you!
The bolt of electricity hits the electric eel.
The electric eel completely resists.
The bolt of electricity hits you!
The bolt of electricity hits the plant! x2; The bolt of electricity hits you!
The bolt of electricity hits the electric eel.
The electric eel completely resists.
Casting: Blink (safe; 2% risk of failure)
Confirm with . or Enter, or press ? or * to list all spells.
Aiming: Searing Ray (safe; 1% risk of failure)
Press: ? - help, Shift-Dir - straight line, f - electric eel
Aim: an electric eel (68% to hit)
The searing ray hits the electric eel.
The electric eel is lightly wounded.
The searing ray hits the electric eel.
The electric eel is moderately wounded. (Press . to maintain the ray.)
The electric eel shoots out a bolt of lightning at you!
The bolt of electricity hits the electric eel.
The electric eel completely resists.
The bolt of electricity hits you!
* * * LOW HITPOINT WARNING * * *
The bolt of electricity hits the plant! x2; The bolt of electricity hits you!
* * * LOW HITPOINT WARNING * * *
The bolt of electricity hits the electric eel.
The electric eel completely resists.
The searing ray hits the electric eel!
The electric eel is severely wounded.
The searing ray misses the electric eel.
A nearby plant withers and dies.
The electric eel shoots out a bolt of lightning at you!
The bolt of electricity misses the electric eel.
The bolt of electricity hits you.
* * * LOW HITPOINT WARNING * * *
The bolt of electricity hits the plant!
The bolt of electricity hits the plant.
The bolt of electricity hits you!
You die...

.##.##......#8.©.8#...........##.
.......###..#P...P#.......#....##
....##.###..###'###...##.##.....#
............#≈...≈#...##.##......
.#..##.###..#≈...≈#..............
....<.......#≈≈≈≈≈#..###.##....##
.#..##.###..#≈≈⌠S≈#..###'##....#
.#.###.# #..#≈≈≈S≈#............#
.#.#######..#≈≈≈@≈#...........###
............#≈≈≈P≈#..............
.#.#######..###+###....#+#....###
.....# #..#P.!.P#...........#
.#.#.# ##.#8.©.8#...........#
.#.#.#### #.#######..#...#..<.#
........###....©.........#)...###
.#...............###....>......[.
.#............................##.


You could see 2 electric eels.

Vanquished Creatures
  4 yaks (D:5)
  A black bear (D:5)
  An ogre (D:5)
  A necrophage (D:5)
  3 wights (D:5)
  A vampire bat (D:3)
  2 hounds
  2 jellies (D:4)
  3 orc wizards
  2 iguanas (D:5)
  10 gnolls (D:4)
  7 adders
  2 worms (D:3)
  4 dart slugs
  3 fire bats (D:3)
  22 orcs
  2 spectral bats (D:3)
  16 bats
  3 bat skeletons (D:3)
  A bat zombie (D:3)
  8 endoplasms
  3 giant cockroaches
  4 goblins
  11 hobgoblins
  3 jackals (D:3)
  5 quokkas
  11 ball pythons
  A bat simulacrum (D:3)
  2 frilled lizards (D:2)
  6 kobolds
  4 rats
148 creatures vanquished.

Vanquished Creatures (others)
  3 plants (D:5)
3 creatures vanquished.

Grand Total: 151 creatures vanquished

Notes
Turn   | Place    | Note
-------+----------+-------------------------------------------
     0 | D:1      | lesbiats the Draconian Conjurer began the quest for the
                  | Orb.
     0 | D:1      | Reached XP level 1. HP: 14/14 MP: 3/3
   336 | D:1      | Found a faded altar of an unknown god.
   434 | D:1      | Reached XP level 2. HP: 20/20 MP: 0/5
   485 | D:1      | Learned a level 2 spell: Searing Ray
  1409 | D:2      | Reached XP level 3. HP: 23/27 MP: 0/6
  1603 | D:2      | Found a glowing silver altar of Zin.
  1761 | D:2      | Reached skill level 1 in Fighting
  1816 | D:2      | Learned a level 2 spell: Blink
  2357 | D:2      | Reached XP level 4. HP: 31/35 MP: 0/7
  3139 | D:3      | Learned a level 3 spell: Dazzling Flash
  3429 | D:3      | Reached skill level 5 in Conjurations
  3467 | D:3      | Reached skill level 1 in Translocations
  3538 | D:3      | Reached XP level 5. HP: 23/41 MP: 1/9
  3931 | D:3      | Found a sacrificial altar of Ru.
  4190 | D:3      | Reached XP level 6. HP: 49/50 MP: 3/10
  4681 | D:4      | Found a radiant altar of Vehumet.
  4940 | D:4      | Reached skill level 6 in Conjurations
  5602 | D:4      | Your scales start taking on a dull iron-grey colour.
  5602 | D:4      | Reached XP level 7. HP: 12/57 MP: 6/12
  6033 | D:5      | Entered Level 5 of the Dungeon
  6521 | D:5      | Found a runed translucent door.
  6524 | D:5      | Noticed Shayle's ghost (novice NaBr)
  6646 | D:5      | Found a transporter.
  6659 | D:5      | Noticed a yak
  6668 | D:5      | Reached skill level 7 in Conjurations
  6707 | D:5      | Noticed a yak
  6714 | D:5      | Noticed a yak
  6718 | D:5      | Noticed a yak
  6754 | D:5      | Killed a yak
  6755 | D:5      | Reached XP level 8. HP: 66/67 MP: 7/14
  6788 | D:5      | Reached skill level 5 in Fighting
  6788 | D:5      | Reached skill level 8 in Conjurations
  7342 | D:5      | Found a transporter.
  7592 | D:5      | Gained mutation: Your spells are a little harder to cast,
                  | but a little more powerful. [potion of mutation]
  7592 | D:5      | Gained mutation: You are clumsy. (Dex -2) [potion of
                  | mutation]
  7593 | D:5      | Lost mutation: Your spells are a little harder to cast, but
                  | a little more powerful. [potion of mutation]
  7593 | D:5      | Lost mutation: You are clumsy. (Dex -2) [potion of
                  | mutation]
  7593 | D:5      | Gained mutation: You are somewhat resistant to further
                  | mutation. [potion of mutation]
  7707 | D:5      | Learned a level 4 spell: Iskenderun's Mystic Blast
  7712 | D:5      | Learned a level 4 spell: Fulminant Prism
  7769 | D:5      | HP: 1/68 [electric eel/bolt of electricity (6)]
  7769 | D:5      | Killed from afar by an electric eel

Illustrated notes

Levels and vault maps discovered:
D:1:      psy_arrival_statuary, layout_basic, ebering_ecumenical_altar_petrified
D:2:      layout_loops_corners, basic_altar
D:3:      layout_loops_ring, pf_just_have_faith, goddamned_bats
D:4:      layout_cave_pods, mainiacjoe_overflow_brackets
D:5:      gammafunk_steamed_eel, layout_basic, hellmonk_ghost_happy_afterlife

Skill      XL: |  1  2  3  4  5  6  7  8 |
---------------+-------------------------+-----
Dodging        | 2 |  2.3
Stealth        | 2 |  2.0
Fighting       | 1 2 3 4 5 |  5.1
Conjurations   | 5 6 7 8 |  8.0
Translocations | 1 2 3 4 |  4.3
Spellcasting   | 3 4 |  4.9

Action                   |  1- 3 |  4- 6 |  7- 9 || total
-------------------------+-------+-------+-------++-------
Melee: Unarmed           |     7 |       |       ||     7
       Tailslap          |     3 |     3 |     3 ||     9
       Short sword       |     7 |       |       ||     7
       Dagger            |       |    58 |    20 ||    78
       Punch             |       |     1 |       ||     1
       Great sword       |       |       |     9 ||     9
Throw: Boomerang         |       |     1 |       ||     1
 Cast: Magic Dart        |    71 |   119 |    23 ||   213
       Searing Ray       |     2 |    13 |    16 ||    31
       Blink             |     1 |     2 |     3 ||     6
  Use: Scroll            |       |       |     5 ||     5
       Potion            |       |       |     5 ||     5
 Stab: Sleeping          |       |       |     1 ||     1
Armor: Skin              |     3 |    37 |    22 ||    62
Dodge: Dodged            |    23 |    92 |    43 ||   158

Table legend: (Time is in decaauts)
 A = Elapsed time spent in this place.
 B = Non-inter-level travel time spent in this place.
 C = Inter-level travel time spent in this place.
 D = Time resting spent in this place.
 E = Time spent auto-exploring this place.
 F = Levels seen in this place.
 G = Mean time per level.
                   A        B        C        D        E       F      G
               +--------+--------+--------+--------+--------+-----+--------+
         Total |   7774 |   7607 |    167 |   2947 |   3502 |   5 | 1554.8 |
       Dungeon |   7774 |   7607 |    167 |   2947 |   3502 |   5 | 1554.8 |
               +--------+--------+--------+--------+--------+-----+--------+

Top non-repeatable levels by time:
     D:3: 1996 daAuts
     D:5: 1741 daAuts
     D:4: 1491 daAuts
     D:1: 1272 daAuts
     D:2: 1272 daAuts
